 Dungeon Crawl Stone Soup version 0.22-a0-603-gfc1114d (webtiles) character file.

2 digijack the Caller (level 1, -6/10 HPs)
             Began as a Tengu Summoner on July 7, 2018.
             Mangled by a worm (12 damage)
             ... on level 1 of the Dungeon.
             The game lasted 00:02:06 (191 turns).

digijack the Caller (Tengu Summoner)                 Turns: 191, Time: 00:02:07

Health: -6/10      AC:  2    Str:  8    XL:     1   Next: 40%
Magic:  1/4        EV: 12    Int: 15    God:
Gold:   52         SH:  0    Dex: 14    Spells: 3/4 levels left

rFire    . . .     SeeInvis .   b - +0 dagger
rCold    . . .     Gourm    .   (no shield)
rNeg     . . .     Faith    .   a - +0 robe
rPois    .         Spirit   .   (helmet restricted)
rElec    .         Reflect  .   (no cloak)
rCorr    .         Harm     .   (no gloves)
MR       .....                  (boots unavailable)
Stlth    ++........             (no amulet)
HPRegen  0.03/turn              (no ring)
MPRegen  0.09/turn              (no ring)

@: no status effects
A: beak, talons 3
a: no special abilities


You were on level 1 of the Dungeon.
You were not hungry.

You visited 1 branch of the dungeon, and saw 1 of its levels.

You collected 52 gold pieces.

Inventory:

Hand Weapons
 b - a +0 dagger (weapon)
Armour
 a - a +0 robe (worn)
Comestibles
 c - a ration
 d - a chunk of flesh


   Skills:
 + Level 0.1 Short Blades
 + Level 2.2 Dodging
 + Level 2.0 Stealth
 + Level 2.0 Spellcasting
 + Level 4.8 Summonings


You had 3 spell levels left.
You knew the following spells:

 Your Spells              Type           Power        Failure   Level  Hunger
a - Summon Small Mammal   Summ           ###.         3%          1    #......

Your spell library contained the following spells:

 Spells                   Type           Power        Failure   Level  Hunger
 Summon Ice Beast         Ice/Summ       #.......     63%         4    #####..
 Call Imp                 Summ           ###.....     4%          2    ###....
 Call Canine Familiar     Summ           ###.....     9%          3    ###....
 Summon Lightning Spire   Summ/Air       #.......     63%         4    #####..
 Summon Guardian Golem    Hex/Summ       #.......     24%         3    ###....


Dungeon Overview and Level Annotations

Branches:
Dungeon (1/15)

Altars:


Innate Abilities, Weirdness & Mutations

You have a beak for a mouth.
You have claws for feet.


Message History

Casting: Summon Small Mammal (safe; 3% risk of failure)
Confirm with . or Enter, or press ? or * to list all spells.
Casting: Summon Small Mammal (safe; 3% risk of failure)
Confirm with . or Enter, or press ? or * to list all spells.
Casting: Summon Small Mammal (safe; 3% risk of failure)
Confirm with . or Enter, or press ? or * to list all spells.
You swap places.
You swap places.
You hit the worm but do no damage. You claw the worm.
The worm is lightly wounded.
Your bat hits the worm but does no damage.
The worm bites you.
You barely miss the worm.
The worm is lightly wounded.
Your bat barely misses the worm.
You swap places.
Your bat hits the worm but does no damage.
Your rat barely misses the worm.
The worm bites you!
Ouch! That really hurt!
You die...

#...##.#..........#..
###.##.#....###......
#.##.#....##.......
#.##.#....##.......
#.##..........#...#
#######.###..............
##...............##.##....
..(.....r#################
........r@b...##..≈.#.#.#.
...######rw.?.##.#.....#..
.. #..≈≈.##.####≈.### #
######..#.#.###.#. #≈≈##.#
#.# #....## ### #<...# #.#
###### #≈§ #.≈#


You could see a worm, a friendly quokka, a friendly bat and 2 friendly rats.

Vanquished Creatures
  A jackal (D:1)
1 creature vanquished.

Vanquished Creatures (collateral kills)
  2 jackals (D:1)
  A goblin (D:1)
3 creatures vanquished.

Grand Total: 4 creatures vanquished

Notes
Turn   | Place    | Note
-------+----------+-------------------------------------------
     0 | D:1      | digijack the Tengu Summoner began the quest for the Orb.
     0 | D:1      | Reached XP level 1. HP: 10/10 MP: 4/4
   191 | D:1      | Mangled by a worm

Vault maps used:
D:1:      dpeg_arrival_brainrot

Action                   || total
-------------------------++-------
Melee: Dagger            ||     3
       Kick              ||     2
 Cast: Summon Small Mamm ||     8
  Use: Potion            ||     2
       Scroll            ||     1
Armor: Robe              ||     1

Table legend:
 A = Spawn XP
 B = Non-spawn XP
 C = Spawn XP percentage of total XP
 D = Spawn monster count
 E = Non-spawn monster count
 F = Spawn count percentage of total count
 G = Total turns spent on level
                    A         B        C        D         E        F      G
               +---------+---------+-------+---------+---------+-------+---------
         Total |       0 |       4 |   0.0 |       0 |       4 |   0.0 |   191
               +---------+---------+-------+---------+---------+-------+---------
           D:1 |       0 |       4 |   0.0 |       0 |       4 |   0.0 |   191
               +---------+---------+-------+---------+---------+-------+---------
